[Event "Thursday 11 January Rapid Engine Tour 12+1 Rounds 9 Starts 1600 ST"]
[Site "Infinity Chess"]
[Date "2018.1.11"]
[Round "3"]
[White "miguello"]
[Black "MarioDeMonti"]
[Result "1/2-1/2 "]
[ECO "D15"]
[WhiteElo "2402"]
[BlackElo "2395"]
[WhiteEngine "asmFishW_2017-11-19_popcnt_CTG"]
[BlackEngine "stockfish_x64_bmi2_2018_01_01_CTG"]
[EventType "Swiss"]
[WhiteTeam ""]
[BlackTeam ""]
[PlyCount "262"]
[TimeControl "720+1"]

1. d4 d5 2. c4 c6 3. Nf3 Nf6 4. Nc3 e6 5. e3 Nbd7 6. Qc2 Bd6 7. Be2 dxc4 
8. Bxc4 O-O 9. O-O a6 10. Rd1 b5 11. Bd3 h6 12. h3 c5 13. Ne4 Nxe4 14. Bxe4 Ra7 
15. Qe2 Qc7 16. b3 c4 17. bxc4 bxc4 18. Bc2 Bb7 19. Rb1 Rc8 20. e4 Ba8 
21. Bb2 c3 22. Ba1 Qc4 23. Rd3 Rac7 24. Bxc3 Qxa2 25. Rb2 Qa3 26. Rb3 Qa2 
27. Rb2 Qa3 28. Rb3 Qa2 29. d5 Nc5 30. e5 Bf8 31. Rb2 Qc4 32. Nd2 Qxd3 
33. Bxd3 Nxd3 34. Qxd3 Rxc3 35. Qxa6 Bxd5 36. Nf3 Ra8 37. Qb6 Bxf3 38. gxf3 Rxf3 
39. Qc6 Rfa3 40. Kh2 g6 41. Kg2 Bg7 42. Rb5 R3a4 43. Qc1 h5 44. Qc6 Rf8 
45. Qc7 Rf4 46. Ra5 Bh6 47. Ra3 Rf5 48. Ra4 Bf4 49. Re4 g5 50. h4 gxh4 
51. Qc4 Bxe5 52. Rxh4 Kh7 53. Rh3 Rg8+ 54. Kf1 Rgg5 55. Qd3 Kg7 56. Ke2 Rg1 
57. Qe3 Rg4 58. Rf3 Rxf3 59. Kxf3 Bf6 60. Qc1 Rg5 61. Qe3 Rg4 62. Qc1 Be5 
63. Ke2 Re4+ 64. Kf1 Rf4 65. Qe3 Rf5 66. f3 Bf4 67. Qc3+ Be5 68. Qc6 Kf6 
69. Qa8 Kg7 70. Qa3 Bd4 71. Qa8 Rd5 72. Kg2 Be5 73. Kh1 Bd4 74. Kg2 Rf5 
75. Kg3 Be3 76. Kh2 Rd5 77. Kh3 Rg5 78. Kh2 Rd5 79. Kh3 Rg5 80. Qe4 Bc5 
81. Qa4 Rd5 82. Qa1+ Bd4 83. Qa8 Bc5 84. Qc6 Kf6 85. Qb7 Kg6 86. Qb8 Kh7 
87. Qf4 Kg6 88. Qc1 Rg5 89. Qd2 Rf5 90. Kh2 Kg7 91. Qc3+ Kg8 92. Kh3 Rg5 
93. Qd3 Rd5 94. Qe2 Bb6 95. Qe4 Kg7 96. Qb4 Bf2 97. Qb3 Bc5 98. Qb2+ Bd4 
99. Qa3 Bf6 100. Kg2 Rg5+ 101. Kf1 Re5 102. Kg2 Rd5 103. Qa8 Re5 104. Kf1 Rf5 
105. Kf2 Bd4+ 106. Kg2 Rg5+ 107. Kf1 Bc3 108. Qa4 Rd5 109. Qf4 Bf6 110. Qe4 Rf5 
111. Kg2 Kh8 112. Qa8+ Kg7 113. Kf2 Rf4 114. Kg2 Be5 115. Kh3 h4 116. Qa3 Rf5 
117. Kxh4 Rf6 118. Kh3 Rh6+ 119. Kg2 Rh2+ 120. Kf1 Bf4 121. Qa1+ e5 
122. Qa7 Rh1+ 123. Ke2 Rc1 124. Qb6 Rc3 125. Qg1+ Kf8 126. Qb6 Rc1 127. Qb7 Rc4 
128. Qb3 Rd4 129. Qb1 Kg7 130. Kf1 Rd2 131. Qf5 Rd5 1/2-1/2

[Event "Thursday 11 January Rapid Engine Tour 12+1 Rounds 9 Starts 1600 ST"]
[Site "Infinity Chess"]
[Date "2018.1.11"]
[Round "3"]
[White "ocirema"]
[Black "CrossingJordan"]
[Result "1/2-1/2"]
[ECO "C50"]
[WhiteElo "2408"]
[BlackElo "2421"]
[WhiteEngine "stockfish_18010422_x64_modern_CTG"]
[BlackEngine "asmFishW_2017-12-20_bmi2_CTG"]
[EventType "Swiss"]
[WhiteTeam ""]
[BlackTeam ""]
[PlyCount "70"]
[TimeControl "720+1"]

1. e4 e5 2. Nf3 Nc6 3. Bc4 Bc5 4. O-O Nf6 5. d3 d6 6. c3 a5 7. Re1 Ba7 8. Bb5 h6 
9. Nbd2 O-O 10. h3 Ne7 11. d4 Ng6 12. Ba4 Bd7 13. Nf1 b5 14. Bc2 a4 15. Ng3 c5 
16. Be3 cxd4 17. cxd4 Re8 18. Rb1 exd4 19. Bxd4 Bb6 20. b3 a3 21. Bxb6 Qxb6 
22. Qd2 Ne5 23. Nh4 Rad8 24. Rbd1 d5 25. exd5 Nxd5 26. Re2 Bc8 27. Rde1 Qc7 
28. Qc1 Nc3 29. Re3 b4 30. f4 Kf8 31. fxe5 Nxa2 32. Qb1 Nc3 33. Qc1 Na2 
34. Qb1 Nc3 35. Qc1 Na2 1/2-1/2

[Event "Thursday 11 January Rapid Engine Tour 12+1 Rounds 9 Starts 1600 ST"]
[Site "Infinity Chess"]
[Date "2018.1.11"]
[Round "3"]
[White "NINJA_JENGKA"]
[Black "angriff"]
[Result "1/2-1/2"]
[ECO "A04"]
[WhiteElo "2415"]
[BlackElo "2411"]
[WhiteEngine "Houdini 6_CTG"]
[BlackEngine "SF_64BIT_POPCNT_CTG"]
[EventType "Swiss"]
[WhiteTeam ""]
[BlackTeam ""]
[PlyCount "112"]
[TimeControl "720+1"]

1. Nf3 e6 2. d4 Nf6 3. c4 d5 4. Nc3 c6 5. e3 Nbd7 6. Bd3 dxc4 7. Bxc4 b5 
8. Be2 Bb7 9. O-O Be7 10. e4 b4 11. e5 bxc3 12. exf6 Bxf6 13. bxc3 c5 
14. dxc5 O-O 15. Ba3 Be7 16. Rb1 Bd5 17. Qc1 Qc7 18. c6 Bxa3 19. Qxa3 Bxc6 
20. Nd4 Be4 21. Rbd1 Rad8 22. Nb5 Qe5 23. Rfe1 Nf6 24. Nd4 h6 25. Bf3 Qd5 
26. Bxe4 Nxe4 27. c4 Qxc4 28. Rxe4 f5 29. Rxe6 Rxd4 30. Rxd4 Qxe6 31. Qa5 Re8 
32. g3 Qe1+ 33. Qxe1 Rxe1+ 34. Kg2 Re4 35. Rd8+ Kh7 36. Rd5 Ra4 37. Rxf5 Rxa2 
38. h4 Kg8 39. h5 g6 40. hxg6 Kg7 41. g4 Kxg6 42. Rb5 Ra4 43. f3 Ra3 44. f4 a5 
45. Rb6+ Kg7 46. Ra6 a4 47. f5 Ra2+ 48. Kf3 a3 49. Ra7+ Kf6 50. Ra6+ Kg7 
51. Kf4 Rf2+ 52. Ke3 Ra2 53. Kf4 Ra1 54. g5 hxg5+ 55. Kxg5 Rg1+ 56. Kf4 Ra1 
1/2-1/2

[Event "Thursday 11 January Rapid Engine Tour 12+1 Rounds 9 Starts 1600 ST"]
[Site "Infinity Chess"]
[Date "2018.1.11"]
[Round "3"]
[White "Klaus"]
[Black "IronMan"]
[Result "1/2-1/2"]
[ECO "C55"]
[WhiteElo "2421"]
[BlackElo "2417"]
[WhiteEngine "asmFishW_2017-11-19_bmi2_CTG"]
[BlackEngine "Stockfish SL FA PB BMI2"]
[EventType "Swiss"]
[WhiteTeam ""]
[BlackTeam ""]
[PlyCount "165"]
[TimeControl "720+1"]

1. e4 e5 2. Nf3 Nc6 3. Bc4 Nf6 4. d3 Bc5 5. O-O h6 6. Nc3 O-O 7. h3 d6 
8. Na4 Bb6 9. c3 Na5 10. Nxb6 axb6 11. Bb5 Bd7 12. Bxd7 Nxd7 13. Be3 f5 
14. exf5 Rxf5 15. d4 Qe8 16. dxe5 Nxe5 17. Nd4 Rf6 18. b3 Nac6 19. c4 Qf7 
20. Nb5 Re8 21. Qd5 Ree6 22. f4 Nxc4 23. Qxc4 Rxe3 24. Nxc7 Qxc4 25. bxc4 Re4 
26. Nd5 Rf8 27. Rac1 Na5 28. Rce1 Rfe8 29. Rxe4 Rxe4 30. Nxb6 Nxc4 31. Nxc4 Rxc4 
32. Rd1 Rxf4 33. Rxd6 Ra4 34. Rd7 b5 35. Rd5 Ra5 36. a3 Kh7 37. Kf2 Rxa3 
38. Rxb5 Ra2+ 39. Kf3 Ra7 40. g3 Rc7 41. g4 Kg6 42. h4 Rc3+ 43. Ke2 Kh7 
44. Kf2 Rc4 45. g5 h5 46. Kg3 Rg4+ 47. Kh3 Rc4 48. Rb3 Ra4 49. Rb5 Rd4 
50. Rb6 Rd3+ 51. Kg2 Rd2+ 52. Kf3 Rd4 53. Kg3 Rg4+ 54. Kh3 Ra4 55. Rb2 g6 
56. Rb7+ Kg8 57. Rb1 Ra3+ 58. Kg2 Ra2+ 59. Kf1 Ra7 60. Rb8+ Kf7 61. Rb1 Ra8 
62. Kf2 Ra7 63. Kg3 Ra3+ 64. Kf2 Ra7 65. Rd1 Ra2+ 66. Ke3 Ke6 67. Kf4 Ra7 
68. Ke3 Ra3+ 69. Kd2 Kf7 70. Rf1+ Kg7 71. Rf4 Ra7 72. Rf1 Ra4 73. Rh1 Re4 
74. Kd3 Rf4 75. Ke2 Ra4 76. Kf3 Ra2 77. Re1 Ra3+ 78. Kf2 Ra2+ 79. Re2 Rxe2+ 
80. Kxe2 Kf8 81. Kf3 Ke7 82. Kf4 Ke6 83. Ke4 1/2-1/2

[Event "Thursday 11 January Rapid Engine Tour 12+1 Rounds 9 Starts 1600 ST"]
[Site "Infinity Chess"]
[Date "2018.1.11"]
[Round "3"]
[White "KillBill2017"]
[Black "KULLANI"]
[Result "1/2-1/2"]
[ECO "D31"]
[WhiteElo "2422"]
[BlackElo "2422"]
[WhiteEngine "Raubfisch ME262_GTZ16b1._CTG"]
[BlackEngine "BrainFish_180106_x64_CTG"]
[EventType "Swiss"]
[WhiteTeam ""]
[BlackTeam ""]
[PlyCount "76"]
[TimeControl "720+1"]

1. d4 d5 2. c4 e6 3. Nc3 c6 4. Nf3 Nf6 5. Bg5 h6 6. Bh4 dxc4 7. e4 g5 8. Bg3 b5 
9. Be2 Bb7 10. h4 g4 11. Ne5 Nbd7 12. Nxd7 Qxd7 13. Be5 Qe7 14. O-O Rg8 
15. b3 Bg7 16. Qc2 Nh5 17. Bxg7 Rxg7 18. g3 Qd6 19. e5 Qxd4 20. Ne4 Qxe5 
21. Rad1 Kf8 22. Rfe1 c5 23. Bxc4 bxc4 24. Nd6 Qf6 25. Nxb7 Qf3 26. Qd2 Nxg3 
27. fxg3 Qxb7 28. Qxh6 Kg8 29. bxc4 Qf3 30. Qe3 Qxe3+ 31. Rxe3 Re8 32. Rd5 Rc8 
33. Rd7 Rb8 34. Rxa7 Rb1+ 35. Kg2 Rb2+ 36. Kg1 Rb1+ 37. Kg2 Rb2+ 38. Kg1 Rb1+ 
1/2-1/2

[Event "Thursday 11 January Rapid Engine Tour 12+1 Rounds 9 Starts 1600 ST"]
[Site "Infinity Chess"]
[Date "2018.1.11"]
[Round "3"]
[White "CrapCleaner"]
[Black "Prometheus"]
[Result "1/2-1/2"]
[ECO "B81"]
[WhiteElo "2424"]
[BlackElo "2428"]
[WhiteEngine "Raubfisch X37b1._zag_CTG"]
[BlackEngine "Eman 1.58-64bit-IDeA"]
[EventType "Swiss"]
[WhiteTeam ""]
[BlackTeam ""]
[PlyCount "131"]
[TimeControl "720+1"]

1. e4 c5 2. Nf3 d6 3. d4 cxd4 4. Nxd4 Nf6 5. Nc3 e6 6. g4 h6 7. Rg1 Nc6 8. h4 d5 
9. exd5 Nxd5 10. Nxd5 Qxd5 11. Bg2 Qe5+ 12. Be3 Bd7 13. Nxc6 Bxc6 14. Bxc6+ bxc6 
15. Qd4 Qa5+ 16. Ke2 Qa6+ 17. Kf3 c5 18. Qe4 Rc8 19. Rad1 Be7 20. g5 hxg5 
21. hxg5 g6 22. Bf4 Qb5 23. Be5 Rh5 24. Rh1 Rxh1 25. Rxh1 Bxg5 26. Rh8+ Kd7 
27. Rh7 Rf8 28. Qxg6 Be7 29. Qe4 c4 30. Bg7 Rd8 31. Bd4 Rf8 32. Ke3 Bd6 
33. Bg7 Rg8 34. Bf6 Rf8 35. Rh4 Bc5+ 36. Kf3 Bd6 37. Ke3 Bc5+ 38. Kf3 Bd6 
39. Qg4 a6 40. Bc3 Be7 41. Rh7 Qd5+ 42. Ke2 Rd8 43. Qf3 Qxf3+ 44. Kxf3 Ke8 
45. Rh5 Rc8 46. Ke4 Bc5 47. Bd4 Bd6 48. Rh8+ Kd7 49. Rh7 Ke7 50. Be3 Rc6 
51. Bd4 Rc8 52. Be3 Rc6 53. a4 Bc7 54. f4 Bb6 55. Bd2 a5 56. Bc3 Rd6 
57. f5 exf5+ 58. Kxf5 Bd4 59. Bxa5 Rd5+ 60. Ke4 Ke6 61. Rh6+ f6 62. c3 Be5 
63. Bc7 Bxc7 64. Rxf6+ Ke7 65. Kxd5 Kxf6 66. Kxc4 1/2-1/2

[Event "Thursday 11 January Rapid Engine Tour 12+1 Rounds 9 Starts 1600 ST"]
[Site "Infinity Chess"]
[Date "2018.1.11"]
[Round "3"]
[White "RonWeasley"]
[Black "Dovahkiin"]
[Result "1/2-1/2"]
[ECO "A00"]
[WhiteElo "2431"]
[BlackElo "2440"]
[WhiteEngine "BrainFish 060118_CTG"]
[BlackEngine "BrainFish_180106_x64_modern_CTG"]
[EventType "Swiss"]
[WhiteTeam ""]
[BlackTeam ""]
[PlyCount "38"]
[TimeControl "720+1"]

1. a3 e5 2. e3 d5 3. d4 exd4 4. exd4 Nf6 5. Nc3 c6 6. Bd3 Bd6 7. Qe2+ Be7 
8. Nf3 O-O 9. O-O Re8 10. Ne5 c5 11. Nxd5 Nxd5 12. Bxh7+ Kxh7 13. Nxf7 Qd7 
14. Qh5+ Kg8 15. Ne5 Qd8 16. Qf7+ Kh7 17. Qh5+ Kg8 18. Qf7+ Kh7 19. Qh5+ Kg8 
1/2-1/2

[Event "Thursday 11 January Rapid Engine Tour 12+1 Rounds 9 Starts 1600 ST"]
[Site "Infinity Chess"]
[Date "2018.1.11"]
[Round "3"]
[White "hafaba"]
[Black "Vimtiroba"]
[Result "1/2-1/2"]
[ECO ""]
[WhiteElo "2440"]
[BlackElo "2466"]
[WhiteEngine "Stockfish SL 07012018 POPCNT_CTG"]
[BlackEngine "AsmFish@J10V2_CTG"]
[EventType "Swiss"]
[WhiteTeam ""]
[BlackTeam ""]
[PlyCount "128"]
[TimeControl "720+1"]

1. e3 c5 2. c4 e6 3. Nc3 Nf6 4. d4 d5 5. cxd5 exd5 6. Be2 cxd4 7. exd4 Bb4 
8. Bf3 Bxc3+ 9. bxc3 O-O 10. Ne2 Re8 11. O-O h6 12. Ng3 Qc7 13. Re1 Rxe1+ 
14. Qxe1 Be6 15. Bd2 Nbd7 16. Qc1 Nb6 17. Rb1 Rc8 18. h3 Qe7 19. Bf4 Nc4 
20. Be2 Ne4 21. Nxe4 dxe4 22. Rb5 Qd7 23. Rh5 f6 24. Bxh6 gxh6 25. Qxh6 Qg7 
26. Qf4 Re8 27. Rh4 Nb6 28. Qxe4 f5 29. Qf4 Nd5 30. Qd2 Nf6 31. Bf3 b6 
32. g3 Rc8 33. a4 Kf7 34. d5 Bd7 35. Kg2 Rh8 36. Rxh8 Qxh8 37. Qf4 Qc8 38. c4 a5 
39. Qd6 Qc5 40. Bh5+ Kg7 41. Qe5 Qf8 42. Qc7 Qc5 43. Qe5 Qf8 44. Qc7 Qb4 
45. h4 Qc5 46. Qe5 Qf8 47. Bf3 Bxa4 48. Qxf5 Bd7 49. Qe5 a4 50. g4 Kg8 
51. d6 Bxg4 52. Bxg4 Nxg4 53. Qg5+ Kh7 54. Qxg4 Qxd6 55. c5 bxc5 56. Qxa4 Qd5+ 
57. f3 c4 58. Qc2+ Kh6 59. Qb2 Qc5 60. Qh8+ Kg6 61. h5+ Qxh5 62. Qg8+ Kf5 
63. Qd5+ Kg6 64. Qg8+ Kf5 1/2-1/2

[Event "Thursday 11 January Rapid Engine Tour 12+1 Rounds 9 Starts 1600 ST"]
[Site "Infinity Chess"]
[Date "2018.1.11"]
[Round "3"]
[White "Susanne"]
[Black "Marsell"]
[Result "1/2-1/2"]
[ECO "C55"]
[WhiteElo "2470"]
[BlackElo "2476"]
[WhiteEngine "asmFishW_20_bmi2_CTG"]
[BlackEngine "asmFishW_2018-01-11_popcnt"]
[EventType "Swiss"]
[WhiteTeam ""]
[BlackTeam ""]
[PlyCount "132"]
[TimeControl "720+1"]

1. e4 e5 2. Nf3 Nc6 3. Bc4 Nf6 4. d3 Bc5 5. O-O d6 6. c3 O-O 7. Nbd2 a6 
8. a4 Ne7 9. Re1 Ng6 10. Bb3 c6 11. h3 Ba7 12. Bc2 Nh5 13. d4 Nhf4 14. Nf1 exd4 
15. Nxd4 Qh4 16. Qf3 Nh5 17. g4 Nf6 18. Qg3 h5 19. g5 Nh7 20. Nf5 Qxg3+ 
21. N1xg3 f6 22. Nxh5 Nxg5 23. Kf1 Nxh3 24. Bb3+ d5 25. Nhxg7 Nh4 26. Be3 Bxf5 
27. Nxf5 Nxf5 28. exf5 Kf7 29. c4 Bxe3 30. Rxe3 Nf4 31. cxd5 Nxd5 32. Bxd5+ cxd5 
33. Rb3 b5 34. axb5 axb5 35. Rd1 Rfd8 36. Rxb5 d4 37. Rb7+ Kf8 38. Rd3 Ra5 
39. Rh3 Kg8 40. Rg3+ Kh8 41. Rf3 Rdd5 42. Rd3 Rab5 43. Rxb5 Rxb5 44. Rd2 Kg7 
45. Ke2 Rb3 46. Kd1 Kh6 47. Kc1 Rb4 48. Kb1 Kg5 49. Ka2 Kxf5 50. Ka3 Rc4 
51. Kb3 Rc1 52. Rxd4 Ke5 53. Rc4 Ra1 54. Rc2 Ra8 55. Rc6 f5 56. Kc3 Ke4 
57. b4 Kf3 58. b5 Rf8 59. b6 Kxf2 60. b7 Rb8 61. Rb6 f4 62. Rb1 f3 63. Kd4 Rd8+ 
64. Kc3 Rb8 65. Kd4 Rd8+ 66. Kc3 Rb8 1/2-1/2

[Event "Thursday 11 January Rapid Engine Tour 12+1 Rounds 9 Starts 1600 ST"]
[Site "Infinity Chess"]
[Date "2018.1.11"]
[Round "3"]
[White "MGR"]
[Black "Gilgamesch"]
[Result "1/2-1/2"]
[ECO "C50"]
[WhiteElo "2481"]
[BlackElo "2507"]
[WhiteEngine "Raubfisch ME262_GTZ16b2"]
[BlackEngine "BrainFish_171005_x64_bmi2"]
[EventType "Swiss"]
[WhiteTeam ""]
[BlackTeam ""]
[PlyCount "105"]
[TimeControl "720+1"]

1. e4 e5 2. Nf3 Nc6 3. Bc4 Bc5 4. O-O Nf6 5. d3 d6 6. c3 O-O 7. Nbd2 a5 
8. Re1 Ba7 9. Nf1 Be6 10. Bb5 Ne7 11. d4 exd4 12. Nxd4 Ng6 13. Ba4 h6 
14. Nxe6 fxe6 15. Be3 Bxe3 16. Nxe3 Kh8 17. f3 Nh5 18. Kh1 Ne5 19. Bb3 Qg5 
20. Bxe6 Nf4 21. Bb3 d5 22. Rf1 a4 23. Bxd5 c6 24. g3 Nxd5 25. Nxd5 cxd5 
26. f4 Qg6 27. fxe5 Qxe4+ 28. Kg1 Qe3+ 29. Kh1 Qxe5 30. Qd3 Rae8 31. Rxf8+ Rxf8 
32. Kg2 Qe6 33. Rf1 Rxf1 34. Kxf1 Qb6 35. Qc2 Qb5+ 36. Ke1 Qc6 37. Kd2 Qb6 
38. Ke2 Qa6+ 39. Kd1 Qf1+ 40. Kd2 Qf2+ 41. Kd3 Qf5+ 42. Kd2 Qf2+ 43. Kd3 Qb6 
44. a3 Qg6+ 45. Kd2 Qb6 46. Kd3 Kh7 47. Qxa4 Qxb2 48. Qd7 Qxh2 49. Qf5+ Kh8 
50. Qc8+ Kh7 51. Qf5+ Kh8 52. Qf8+ Kh7 53. Qf5+ 1/2-1/2

[Event "Thursday 11 January Rapid Engine Tour 12+1 Rounds 9 Starts 1600 ST"]
[Site "Infinity Chess"]
[Date "2018.1.11"]
[Round "3"]
[White "THE_MACHINE"]
[Black "xeonrocks"]
[Result "1/2-1/2"]
[ECO "C50"]
[WhiteElo "2517"]
[BlackElo "2525"]
[WhiteEngine "Houdini 6"]
[BlackEngine "asmFishW_CTG"]
[EventType "Swiss"]
[WhiteTeam ""]
[BlackTeam ""]
[PlyCount "175"]
[TimeControl "720+1"]

1. e4 e5 2. Nf3 Nc6 3. Bc4 Bc5 4. O-O Nf6 5. d3 d6 6. c3 O-O 7. h3 a5 8. Nbd2 h6 
9. Re1 Be6 10. a4 Ba7 11. b3 d5 12. exd5 Nxd5 13. Ne4 Re8 14. Bd2 Nf6 
15. Qe2 Qe7 16. Rab1 Rad8 17. Bb5 Bd5 18. c4 Bxe4 19. dxe4 Rxd2 20. Qxd2 Rd8 
21. Qe2 Nd4 22. Nxd4 Rxd4 23. c5 Bxc5 24. Bd3 g6 25. Qc2 Kg7 26. Rbd1 Rb4 
27. g3 h5 28. Kh2 c6 29. Kg2 h4 30. Rf1 Bd4 31. Rb1 Qe6 32. Bc4 Qd6 33. Be2 Qe7 
34. Bd3 Qd7 35. Be2 Qe8 36. Bd3 Qd8 37. Rfd1 Bb6 38. Ba6 Qc7 39. Bd3 Ba7 
40. Bc4 Qe7 41. Bd3 Bb6 42. Rf1 Qd7 43. Bc4 Qe7 44. Rfd1 Bd4 45. Bd3 Qe8 
46. Rbc1 Qd8 47. Rb1 Bb6 48. Bf1 Qc8 49. Bd3 Qe6 50. Bc4 Qe7 51. Rf1 Qd7 
52. Bd3 Qe7 53. Bc4 Ba7 54. Bd3 Qd8 55. Rbd1 Qe8 56. Rb1 Qe7 57. Rfd1 Qe6 
58. Qe2 b5 59. Rf1 Qd7 60. Rfd1 Qb7 61. Rf1 Bb6 62. Rfd1 Ba7 63. Rf1 Bd4 
64. Qc2 Qd7 65. axb5 cxb5 66. Be2 Ba7 67. Bf3 hxg3 68. fxg3 a4 69. Rfd1 Bd4 
70. bxa4 Rxa4 71. Rd2 b4 72. Qc4 Qa7 73. Rxb4 Ra1 74. Rxd4 exd4 75. e5 Nd7 
76. e6 Ne5 77. Qxd4 Qxd4 78. Rxd4 Ra2+ 79. Kf1 Nxf3 80. e7 Ra1+ 81. Kf2 Re1 
82. Kxf3 Rxe7 83. g4 g5 84. Re4 Rxe4 85. Kxe4 Kf6 86. Kd5 Kg7 87. Kc4 f5 
88. gxf5 1/2-1/2

[Event "Thursday 11 January Rapid Engine Tour 12+1 Rounds 9 Starts 1600 ST"]
[Site "Infinity Chess"]
[Date "2018.1.11"]
[Round "3"]
[White "Harry_Potter"]
[Black "Wolle"]
[Result "1/2-1/2"]
[ECO "C77"]
[WhiteElo "2528"]
[BlackElo "2461"]
[WhiteEngine "asmFishW_2018-01-11_bmi2_CTG"]
[BlackEngine "Raubfisch X37a2_CTG"]
[EventType "Swiss"]
[WhiteTeam ""]
[BlackTeam ""]
[PlyCount "144"]
[TimeControl "720+1"]

1. e4 e5 2. Nf3 Nc6 3. Bb5 a6 4. Ba4 Nf6 5. d3 Bc5 6. O-O b5 7. Bb3 d6 8. c3 O-O 
9. Re1 h6 10. h3 Re8 11. Nbd2 Be6 12. Bxe6 Rxe6 13. b4 Bb6 14. a4 d5 15. Qc2 d4 
16. Nb3 dxc3 17. Qxc3 Qf8 18. axb5 axb5 19. Rxa8 Qxa8 20. Nc5 Bxc5 21. Qxc5 Qf8 
22. Qxf8+ Kxf8 23. Kf1 Nd7 24. Bd2 Nb6 25. Rb1 Rd6 26. Ne1 Ke8 27. h4 Kd7 
28. Be3 Ke6 29. g4 Na4 30. h5 Nd4 31. f4 f6 32. Kg2 exf4 33. Bxf4 Rc6 
34. Bd2 Kd7 35. Kf2 Ra6 36. Ke3 Nc6 37. Nf3 Nb6 38. Rc1 Nc8 39. Nh4 Ra2 
40. Rc5 Nd6 41. Bc3 Ra3 42. Nf5 Nc4+ 43. dxc4 Rxc3+ 44. Kd2 Rxc4 45. Rxc4 bxc4 
46. Kc3 Ne5 47. Nxg7 Nxg4 48. Kxc4 Kc6 49. b5+ Kb6 50. Ne8 Ne3+ 51. Kd4 Ng4 
52. Kd5 Kxb5 53. Nxc7+ Kb4 54. Kd4 Kb3 55. Nd5 Kc2 56. Nb4+ Kd2 57. Nd5 Ke2 
58. Nc3+ Kf3 59. Kc5 Kf4 60. Kd6 Ne5 61. Kd5 Kg4 62. Ke6 Kxh5 63. Kxf6 Ng4+ 
64. Kf5 Ne3+ 65. Kf4 Nc2 66. Nd5 Nd4 67. Ke5 Nc2 68. Kf6 Kg4 69. e5 Nd4 
70. Kg6 h5 71. Nf6+ Kf4 72. Nxh5+ Kxe5 1/2-1/2

[Event "Thursday 11 January Rapid Engine Tour 12+1 Rounds 9 Starts 1600 ST"]
[Site "Infinity Chess"]
[Date "2018.1.11"]
[Round "2"]
[White "MarioDeMonti"]
[Black "Satria_Ungu"]
[Result "1/2-1/2"]
[ECO "C55"]
[WhiteElo "2396"]
[BlackElo "2379"]
[WhiteEngine "stockfish_x64_bmi2_2018_01_01_CTG"]
[BlackEngine "Houdini 6"]
[EventType "Swiss"]
[WhiteTeam ""]
[BlackTeam ""]
[PlyCount "131"]
[TimeControl "720+1"]

1. e4 e5 2. Nf3 Nc6 3. Bc4 Nf6 4. d3 Bc5 5. c3 d6 6. O-O O-O 7. h3 a5 8. Nbd2 h6 
9. Re1 Be6 10. a4 Ba7 11. b3 d5 12. exd5 Nxd5 13. Ne4 Re8 14. Bd2 Nf6 
15. Qe2 Nxe4 16. Qxe4 Qd7 17. Rad1 Rad8 18. b4 axb4 19. cxb4 Bd5 20. Bxd5 Qxd5 
21. b5 Nd4 22. Nxd4 Qxd4 23. Be3 Qxe4 24. dxe4 Rxd1 25. Rxd1 Bxe3 26. fxe3 b6 
27. Rc1 Rc8 28. Kf2 Kf8 29. Kf3 Ke7 30. g3 Kd7 31. Rd1+ Ke6 32. g4 Ra8 
33. Rc1 Kd7 34. Rc4 Ra7 35. h4 Ra5 36. Ke2 Ra8 37. h5 c5 38. bxc6+ Kc7 
39. Kf3 Rd8 40. Rc1 Rd3 41. Rc2 Rd6 42. Rb2 Kxc6 43. Rc2+ Kd7 44. Rc1 Rd3 
45. Rb1 Rd6 46. Rb5 Ke6 47. Kg3 Kf6 48. Kf2 g6 49. hxg6 fxg6 50. Kg2 Kg5 
51. Kg3 Kf6 52. Kf3 Re6 53. a5 bxa5 54. Rxa5 Rb6 55. Kg3 Rb1 56. Ra6+ Kg5 
57. Kf2 h5 58. gxh5 gxh5 59. Re6 h4 60. Kf3 h3 61. Kg3 h2 62. Rxe5+ Kg6 
63. Kxh2 Rb3 64. Kg3 Rxe3+ 65. Kf4 Rh3 66. Ra5 1/2-1/2

[Event "Thursday 11 January Rapid Engine Tour 12+1 Rounds 9 Starts 1600 ST"]
[Site "Infinity Chess"]
[Date "2018.1.11"]
[Round "2"]
[White "CrossingJordan"]
[Black "miguello"]
[Result "1/2-1/2"]
[ECO "B06"]
[WhiteElo "2442"]
[BlackElo "2400"]
[WhiteEngine "asmFishW_2017-12-20_bmi2_CTG"]
[BlackEngine "asmFishW_2017-11-19_popcnt_CTG"]
[EventType "Swiss"]
[WhiteTeam ""]
[BlackTeam ""]
[PlyCount "131"]
[TimeControl "720+1"]

1. e4 g6 2. d4 Bg7 3. c4 d6 4. Nc3 Nf6 5. Nf3 O-O 6. Be2 e5 7. O-O Nc6 8. d5 Ne7 
9. Be3 Ng4 10. Bd2 f5 11. Ng5 Nf6 12. exf5 gxf5 13. Rc1 h6 14. Nf3 Ng6 15. g3 c6 
16. Ne1 f4 17. Bd3 Qe8 18. f3 Ne7 19. gxf4 Nh5 20. fxe5 Bxe5 21. Kh1 Kh8 
22. Ne2 Rg8 23. dxc6 bxc6 24. Bc3 Qf7 25. Qd2 Qf6 26. Be4 Bh3 27. Rg1 Rxg1+ 
28. Nxg1 Bf5 29. Bxe5 dxe5 30. Nd3 Bxe4 31. fxe4 Rd8 32. Qe3 Nf4 33. Nxf4 exf4 
34. Qh3 Kh7 35. Nf3 Rg8 36. Rb1 c5 37. Qh5 Qd6 38. Re1 Rg7 39. b3 Qd3 
40. Qh3 Qc2 41. Ne5 Qd2 42. Qf1 Qxa2 43. Qf3 Ng8 44. Ng4 a5 45. e5 Qd2 
46. Rd1 Qc2 47. Nf2 Kh8 48. Rg1 Rxg1+ 49. Kxg1 Kg7 50. h4 Qb2 51. e6 Nf6 
52. h5 Qe5 53. Qb7+ Kh8 54. Qf7 Nxh5 55. Qf8+ Kh7 56. Qxh6+ Kg8 57. e7 Ng7 
58. Qg6 Qxe7 59. Ne4 Kf8 60. Nf6 Qe1+ 61. Kg2 f3+ 62. Kxf3 Qf1+ 63. Ke3 Qe1+ 
64. Kf3 Qf1+ 65. Ke3 Qe1+ 66. Kf3 1/2-1/2

[Event "Thursday 11 January Rapid Engine Tour 12+1 Rounds 9 Starts 1600 ST"]
[Site "Infinity Chess"]
[Date "2018.1.11"]
[Round "2"]
[White "angriff"]
[Black "ocirema"]
[Result "1/2-1/2 "]
[ECO "C55"]
[WhiteElo "2411"]
[BlackElo "2408"]
[WhiteEngine "SF_64BIT_POPCNT_CTG"]
[BlackEngine "stockfish_18010422_x64_modern_CTG"]
[EventType "Swiss"]
[WhiteTeam ""]
[BlackTeam ""]
[PlyCount "164"]
[TimeControl "720+1"]

1. e4 e5 2. Nf3 Nc6 3. Bc4 Nf6 4. d3 Bc5 5. O-O d6 6. c3 O-O 7. Nbd2 a6 
8. a4 Ba7 9. h3 h6 10. Re1 Re8 11. Qb3 Qe7 12. a5 b5 13. axb6 cxb6 14. Bd5 Qd7 
15. Nf1 b5 16. Be3 Nxd5 17. Qxd5 Qc7 18. Qb3 Be6 19. Qd1 d5 20. exd5 Bxd5 
21. Bxa7 Qxa7 22. Nh4 Qd7 23. Ng3 g6 24. c4 Be6 25. Ne4 Kg7 26. c5 Bd5 
27. Nd6 Re6 28. d4 exd4 29. Nf3 Rxe1+ 30. Nxe1 Kh7 31. Qd2 Qe7 32. Nc2 Qe5 
33. Nxb5 Rb8 34. Nbxd4 Rxb2 35. Nxc6 Qe4 36. f3 Qxc2 37. Qxc2 Rxc2 38. Nb4 Rxc5 
39. Nxd5 Rxd5 40. Rxa6 h5 41. h4 Rd4 42. g3 Rb4 43. Kf2 Rb2+ 44. Ke3 Rb3+ 
45. Ke4 Rb4+ 46. Kd3 Rb1 47. Ke3 Rb3+ 48. Kf2 Rb4 49. Ra7 Kg7 50. Ke3 Rb3+ 
51. Kf4 Rb4+ 52. Ke3 Rb5 53. f4 Rb3+ 54. Kf2 Rb2+ 55. Kf3 Rb3+ 56. Kg2 Rb5 
57. Ra4 Rb2+ 58. Kf3 Kf6 59. Ra3 Kg7 60. Ra7 Kf6 61. Ra3 Kf5 62. Ra5+ Kf6 
63. Ra6+ Kg7 64. Ra8 Rb3+ 65. Kf2 Rb7 66. Ra4 Kf6 67. Ra5 Ke7 68. Ra6 Rb2+ 
69. Ke1 Rg2 70. Ra7+ Ke6 71. Ra3 Kd5 72. Kf1 Rh2 73. Rd3+ Ke4 74. Rb3 Ra2 
75. Ke1 Ra8 76. Rb7 f6 77. Kf2 Ra3 78. Rb4+ Kf5 79. Kg2 Ra2+ 80. Kf3 Ra3+ 
81. Kg2 Rc3 82. Kh3 Rc1 1/2-1/2

[Event "Thursday 11 January Rapid Engine Tour 12+1 Rounds 9 Starts 1600 ST"]
[Site "Infinity Chess"]
[Date "2018.1.11"]
[Round "2"]
[White "IronMan"]
[Black "NINJA_JENGKA"]
[Result "1/2-1/2"]
[ECO "A22"]
[WhiteElo "2417"]
[BlackElo "2415"]
[WhiteEngine "Stockfish SL FA PB BMI2"]
[BlackEngine "Houdini 6_CTG"]
[EventType "Swiss"]
[WhiteTeam ""]
[BlackTeam ""]
[PlyCount "77"]
[TimeControl "720+1"]

1. c4 e5 2. Nc3 Nf6 3. Nf3 Nc6 4. e3 Be7 5. d4 exd4 6. exd4 d5 7. c5 O-O 
8. Bb5 Bg4 9. Be3 Ne4 10. O-O Bf6 11. Bxc6 bxc6 12. Qa4 Qd7 13. Nxe4 dxe4 
14. Ne5 Bxe5 15. dxe5 Be2 16. Rfe1 Bd3 17. Rad1 Qd5 18. Rd2 a5 19. f4 Rfb8 
20. b3 Qe6 21. Red1 Rb4 22. Qa3 Rb5 23. Rf2 Rbb8 24. h3 Rd8 25. Re1 Qd5 
26. Qb2 Rdb8 27. f5 a4 28. Ra1 h5 29. e6 axb3 30. axb3 Qxb3 31. exf7+ Kf8 
32. Qe5 Qd5 33. Rxa8 Qxe5 34. Rxb8+ Kxf7 35. Rd8 Qa1+ 36. Kh2 Qe5+ 37. Kg1 Qa1+ 
38. Kh2 Qe5+ 39. Kg1 1/2-1/2